 Dungeon Crawl Stone Soup version 0.30-a0-965-g42e074c17a (webtiles) character file.

Game seed: 16047250664710719435

821 Mersikull the Ruffian (level 7, -11/68 HPs)
             Began as a Troll Berserker on Mar 30, 2023.
             Was an Initiate of Ashenzari.
             Mangled by a polar bear (13 damage)
             ... created by the rage of Trog
             ... in a sewer.
             The game lasted 00:20:29 (2360 turns).

Mersikull the Ruffian (Troll Berserker)             Turns: 2360, Time: 00:20:30

Health: -11/68     AC: 12    Str: 26      XL:     7   Next: 63%
Magic:  6/6        EV: 10    Int:  5      God:    Ashenzari [......]
Gold:   102        SH:  0    Dex:  6 (9)  Spells: 6/6 levels left

rFire   . . .      SeeInvis .    e - +8 hand axe of Puma {protect, rN+}
rCold   . . .      Faith    .    (no shield)
rNeg    + + .      Spirit   .    m - +1 robe
rPois   .          Reflect  .    (helmet restricted)
rElec   .          Rampage  .    (no cloak)
rCorr   +                        (gloves unavailable)
Will    .....                    (boots unavailable)
Stlth   +                        (no amulet)
HPRegen 1.11/turn                f - ring of resist corrosion
MPRegen 0.10/turn                g - ring of positive energy

@: under a protective aura
A: large, unfitting armour, claws 3, regeneration 1, shaggy fur 1, tough skin 1
a: Renounce Religion


You were in a sewer.
You worshipped Ashenzari.
Ashenzari was noncommittal.
You visited 2 branches of the dungeon, and saw 6 of its levels.
You also visited: Sewer.

You collected 167 gold pieces.
You spent 65 gold pieces at shops.

Inventory:

Hand Weapons
 e - the +8 hand axe of Puma (weapon) {protect, rN+}
   (You found it on level 4 of the Dungeon)

   rN:        It protects you from negative energy.
 i - a +0 giant club
Armour
 a - a +0 animal skin
 l - a +0 chain mail
 m - a +1 robe (worn)
Jewellery
 d - a ring of magical power
 f - a ring of resist corrosion (left claw)
 g - a ring of positive energy (right claw)
 o - an amulet of the acrobat
Potions
 b - a potion of haste {unknown}
 c - 2 potions of curing
 h - a potion of magic
 j - a potion of resistance {unknown}
 p - a potion of degeneration


   Skills:
 + Level 3.8 Fighting
 + Level 1.5 Axes
 + Level 4.6 Dodging
 + Level 0.3 Stealth
 + Level 6.4 Unarmed Combat


You had 6 spell levels left.
You didn't know any spells.
Your spell library contained the following spells:

 Spells                   Type           Power      Damage    Failure   Level
 Apportation              Tloc           0%         N/A       47%         1
 Ensorcelled Hibernation  Hex/Ice        0%         N/A       63%         2
 Spider Form              Tmut/Pois      0%         N/A       85%         3
 Anguish                  Hex/Necr       0%         N/A       99%         4
 Alistair's Intoxication  Tmut/Pois      0%         N/A       100%        5
 Borgnjor's Revivificati  Necr           0%         N/A       100%        8
 Necromutation            Tmut/Necr      0%         N/A       100%        8
 Death's Door             Necr           0%         N/A       100%        9


Dungeon Overview and Level Annotations

Branches:
Dungeon (5/15)             Temple (1/1) D:4           Sewer (1/1)

Altars:
Ashenzari
Cheibriados
Elyvilon
Fedhas
Hepliaklqana
Kikubaaqudgha
Makhleb
Nemelex Xobeh
Okawaru
Qazlal
Ru
Sif Muna
Trog
Uskayaw
Vehumet
Xom
Yredelemnul
Zin
The Shining One

Shops:
D:3 !


Innate Abilities, Weirdness & Mutations

You are too large for most types of armour.
You have claws for hands.
Your natural rate of healing is unusually fast.
You are covered in fur. (AC +1)
You have tough skin. (AC +1)


Message History

The polar bear is moderately wounded.
You closely miss the polar bear. You hit the black bear.
You barely miss the polar bear. The polar bear bites you!
The polar bear claws you but does no damage. x2
The black bear bites you but does no damage.
The black bear claws you but does no damage. x2
The polar bear is engulfed in blazing flames.
The polar bear barely misses you.
The polar bear claws you but does no damage. x2
The polar bear bites you but does no damage.
The polar bear closely misses you. The polar bear claws you.
The polar bear barely misses you. The polar bear closely misses you.
The polar bear claws you but does no damage.
The polar bear bites you. The polar bear barely misses you. x2
The black bear bites you. The black bear barely misses you.
The black bear closely misses you.
The black bear bites you but does no damage.
The black bear claws you but does no damage.
The black bear closely misses you.
The polar bear is engulfed in blazing flames.
The polar bear barely misses you. The polar bear closely misses you.
The polar bear barely misses you.
The black bear rages.
As you read the scroll of identify, it crumbles to dust.
p - a potion of degeneration The polar bear closely misses you.
The polar bear claws you.
The polar bear claws you but does no damage.
The black bear bites you!
* * * LOW HITPOINT WARNING * * *
The black bear claws you but does no damage.
The black bear barely misses you.
The polar bear is engulfed in blazing flames.
The polar bear bites you!
* * * LOW HITPOINT WARNING * * *
The polar bear claws you but does no damage. x2
The black bear bites you.
* * * LOW HITPOINT WARNING * * *
The black bear completely misses you. The black bear barely misses you.
The polar bear bites you!
You die...

~≈≈~~...≈...~≈≈~≈#
~~~~..#≈≈≈#...~~≈#
......#≈≈~#......#
#'#######≈#######'#
.#......#...#.)....#
~~~~≈.≈~).†.))≈~~~~#
≈#≈≈≈≈≈≈#..†#~≈≈≈≈~#
#########h#########
###hh@### #...hhh.#
+....h..+ +.§._.§.+
+.......+ #..§.§..#
##.....## ##+++##


You could see 3 polar bears and 4 black bears.

Vanquished Creatures
  A steam dragon (D:5)
  A sky beast (D:4)
  An ogre (D:5)
  A phantom (D:4)
  A centaur (D:5)
  A scorpion (D:4)
  A howler monkey (D:5)
  A quasit (Sewer)
  2 orc wizards
  8 adders
  A shadow imp (D:5)
  5 ufetubi
  A worm (D:4)
  2 dart slugs
  9 orcs
  A bat zombie (Sewer)
  7 endoplasms
  7 giant cockroaches
  4 goblins
  5 hobgoblins
  11 kobolds
  A quokka (D:1)
  6 ball pythons
  6 bats
  A frilled lizard (D:3)
  A giant cockroach zombie (Sewer)
  4 rats
90 creatures vanquished.

Notes
Turn   | Place    | Note
-------+----------+-------------------------------------------
     0 | D:1      | Mersikull the Troll Berserker began the quest for the Orb.
     0 | D:1      | Reached XP level 1. HP: 22/22 MP: 0/0
   208 | D:1      | Reached XP level 2. HP: 29/29 MP: 1/1
   453 | D:2      | Reached XP level 3. HP: 22/36 MP: 2/2
   590 | D:3      | Found Witaicke's Distillery.
   642 | D:3      | Found a stormy altar of Qazlal.
   651 | D:3      | Found an ancient bone altar of Kikubaaqudgha.
   758 | D:3      | Found a bloodstained altar of Trog.
   975 | D:3      | Bought a potion of heal wounds for 65 gold pieces
  1043 | D:4      | Noticed a phantom
  1057 | D:4      | Killed a phantom
  1058 | D:4      | Reached skill level 4 in Unarmed Combat
  1058 | D:4      | Reached XP level 4. HP: 12/45 MP: 3/3
  1101 | D:4      | Reached XP level 5. HP: 53/53 MP: 4/4
  1168 | D:4      | Reached ** piety under Trog
  1195 | D:4      | Found a staircase to the Ecumenical Temple.
  1195 | D:4      | Identified the +8 hand axe of Puma {protect, rN+}
  1214 | D:4      | Noticed a sky beast
  1232 | D:4      | Killed a sky beast
  1233 | D:4      | Reached skill level 5 in Unarmed Combat
  1233 | D:4      | Reached XP level 6. HP: 32/61 MP: 5/5
  1568 | Temple   | Entered the Ecumenical Temple
  1695 | Temple   | Fell from the grace of Trog
  1695 | Temple   | Became a worshipper of Ashenzari the Shackled
  1886 | D:5      | Entered Level 5 of the Dungeon
  1887 | D:5      | Noticed a steam dragon
  1901 | D:5      | Killed a steam dragon
  2004 | D:5      | Reached skill level 6 in Unarmed Combat
  2004 | D:5      | Reached XP level 7. HP: 47/67 MP: 6/6
  2142 | D:5      | Found a glowing drain.
  2193 | D:5      | Reached skill level 1 in Axes
  2215 | Sewer    | Entered a sewer
  2308 | Sewer    | Found a burning altar of Makhleb.
  2356 | Sewer    | Noticed a polar bear
  2356 | Sewer    | Noticed a polar bear
  2356 | Sewer    | Noticed a polar bear
  2360 | Sewer    | HP: 2/68 [black bear[the rage of Trog] (2)]
  2360 | Sewer    | Mangled by a polar bear

Illustrated notes

Levels and vault maps discovered:
D:1:      dpeg_arrival_refuge, layout_basic
D:2:      layout_loops_ring, uniq_crazy_yiuf_cottage
D:3:      layout_rooms, mainiacjoe_overflow_concentric_impassable, minitemple,
          serial_shops, shop
D:4:      layout_rooms, minmay_temple_entry_glass
D:5:      layout_basic, portal_sewer_entry_c, nicolae_half_adder
Temple:   nicolae_temple_slightly_damp_pantheon
Sewer:    kennysheep_sewer_church

Skill      XL: |  1  2  3  4  5  6  7 |
---------------+----------------------+-----
Dodging        | 3 4 |  4.6
Fighting       | 3 |  3.8
Unarmed Combat | 4 5 6 |  6.4
Axes           | 1 |  1.5
Stealth        | |  0.3

Action                     |  1- 3 |  4- 6 |  7- 9 || total
---------------------------+-------+-------+-------++-------
  Melee: Unarmed           |    88 |    62 |       ||   150
         Hand axe          |       |    13 |    92 ||   105
         Punch             |       |     2 |     2 ||     4
    Use: Scroll            |     1 |     7 |     2 ||    10
         Potion            |       |     2 |       ||     2
   Stab: Sleeping          |       |       |     1 ||     1
 Armour: Animal skin       |    73 |       |       ||    73
         Robe              |       |    48 |    92 ||   140
  Dodge: Dodged            |    81 |    80 |   108 ||   269

Table legend: (Time is in decaauts)
 A = Elapsed time spent in this place.
 B = Non-inter-level travel time spent in this place.
 C = Inter-level travel time spent in this place.
 D = Time resting spent in this place.
 E = Time spent auto-exploring this place.
 F = Levels seen in this place.
 G = Mean time per level.
                   A        B        C        D        E       F      G
               +--------+--------+--------+--------+--------+-----+--------+
         Total |   2372 |   2014 |    358 |      0 |      0 |   7 |  338.9 |
       Dungeon |   1928 |   1570 |    358 |      0 |      0 |   5 |  385.6 |
        Temple |    286 |    286 |      0 |      0 |      0 |   1 |  286.0 |
         Sewer |    157 |    157 |      0 |      0 |      0 |   1 |  157.0 |
               +--------+--------+--------+--------+--------+-----+--------+

Top non-repeatable levels by time:
     D:3: 579 daAuts
     D:4: 550 daAuts
     D:1: 366 daAuts
     D:5: 341 daAuts
  Temple: 286 daAuts
   Sewer: 157 daAuts
     D:2: 90 daAuts
